 Dungeon Crawl Stone Soup version 0.16-a0-3834-g51c8674 (console) character file.

389 Roderic the Caller (level 6, -3/47 HPs)
             Began as a Hill Orc Summoner on Jan 29, 2015.
             Was a Believer of Nemelex Xobeh.
             Slain by an orc warrior
             ... wielding a +0 glaive
              (21 damage)
             ... on level 6 of the Dungeon.
             The game lasted 00:24:58 (3828 turns).

Roderic the Caller (Hill Orc Summoner)              Turns: 3828, Time: 00:25:03

Health: -3/47      AC:  5    Str: 11    XL:     6   Next: 79%
Magic:  7/12       EV: 18    Int: 17    God:    Nemelex Xobeh [**....]
Gold:   207        SH:  0    Dex: 16    Spells: 3 memorised, 5 levels left

rFire  . . .     SeeInvis .     j - +1 club
rCold  . . .     Clarity  .     n - +0 robe (curse)
rNeg   . . .     SustAb   .     (no shield)
rPois  .         Gourm    .     (no helmet)
rElec  .         Spirit   .     a - +0 cloak
rCorr  .         Warding  .     i - +0 pair of gloves
rMut   .         Stasis   .     G - +0 pair of boots
MR     .....                    (no amulet)
Stlth  +++.......               (no ring)
                                (no ring)

@: agile, not resistant to hostile enchantments, fairly stealthy
A: no striking features
a: Renounce Religion


You were on level 6 of the Dungeon.
You worshipped Nemelex Xobeh.
Nemelex Xobeh was pleased with you.
You were not hungry.

You visited 2 branches of the dungeon, and saw 9 of its levels.

You collected 207 gold pieces.

Inventory:

Hand weapons
 j - a +1 club (weapon)
 u - a +0 hunting sling
 y - a +1 dagger of speed
 I - a +0 mace
Missiles
 e - 19 bolts
 k - 16 sling bullets
 p - 14 poisoned needles
 x - 3 stones (quivered)
 J - 3 curare-tipped needles
Armour
 a - a +0 cloak (worn)
 d - a +0 leather armour
 i - a +0 pair of gloves (worn)
 m - a +0 ring mail
 n - a cursed +0 robe (worn)
 G - a +0 pair of boots (worn)
 L - a +0 shield
Magical devices
 v - a wand of flame (20)
 D - a wand of disintegration (0)
 O - a wand of paralysis (18)
Scrolls
 q - 2 scrolls of identify {unknown}
 w - 5 scrolls of immolation {unknown}
 A - a scroll of magic mapping {unknown}
 B - 2 scrolls of remove curse {unknown}
 E - a scroll of enchant armour {unknown}
 F - a scroll of recharging {unknown}
Potions
 f - a potion of invisibility {unknown}
 h - a potion of haste {unknown}
 l - 2 potions of heal wounds {unknown}
 s - a potion of beneficial mutation {unknown}
 z - 2 potions of restore abilities {unknown}
 C - a potion of cure mutation {unknown}
 H - 2 potions of agility
 M - 2 potions of magic {unknown}
Books
 b - a book of Callings

   Spells                             Type                      Level
   a - Summon Small Mammal            Summoning                    1
   b - Call Imp                       Summoning                    2
   c - Call Canine Familiar           Summoning                    3
   d - Summon Guardian Golem          Hexes/Summoning              4
   e - Summon Lightning Spire         Summoning/Air                4
   f - Summon Ice Beast               Ice/Summoning                4
Miscellaneous
 r - a plain deck of escape {drawn: 5}
 t - a plain deck of war {drawn: 3}
 K - a legendary deck of war {drawn: 1}
Comestibles
 c - a meat ration
 g - 4 bread rations
 o - 3 slices of pizza
 N - 2 fruits


   Skills:
 + Level 1.6 Fighting
 + Level 0.7 Maces & Flails
 + Level 0.2 Armour
 + Level 3.1 Dodging
 + Level 1.9 Stealth
 + Level 3.0 Spellcasting
 + Level 5.6 Summonings
 + Level 0.2 Evocations


You had 5 spell levels left.
You knew the following spells:

 Your Spells              Type           Power        Failure   Level  Hunger
a - Summon Small Mammal   Summ           ###.         1%          1    None
b - Call Imp              Summ           ###.....     2%          2    ##.....
c - Call Canine Familiar  Summ           ###.....     8%          3    ###....


Dungeon Overview and Level Annotations

Branches:
Dungeon (8/15)             Temple (1/1) D:6
   Lair: D:8-11

Altars:
Nemelex Xobeh

Annotations:
D:8 Pikel


Message History

Your crimson imp barely misses the orc warrior.
Your white ugly thing tail-slaps the gnoll!
The gnoll dies!
Your crimson imp disappears in a puff of smoke!
Your quokka bites the orc warrior but does no damage.
The gnoll barely misses your white ugly thing.
Unknown command.
The orc warrior hits you from afar with a glaive.
Your quokka closely misses the orc warrior.
Your quokka barely misses the orc warrior.
The gnoll hits your white ugly thing with a flail.
The orc warrior hits you from afar with a glaive!
Drink which item? (? for menu, Esc to quit)
It was a potion of agility.
You feel agile all of a sudden.
Your quokka closely misses the orc warrior.
The gnoll hits your white ugly thing but does no damage.
The orc warrior hits you from afar with a glaive!!
You die...
Your body glows slightly and disappears.

▒▒▒▒ ▒.▒ ▒a▒.▒ ▒.g▒
▒▒▒▒▒▒▒▒▒▒)▒ ▒.▒.▒.▒▒▒▒▒g▒▒
.........▒.▒ ▒.).........▒
▒▒▒▒▒▒▒▒...▒▒▒▒▒▒▒..▒.▒▒▒▒▒
▒........<▒▒ ▒▒▒▒5▒
▒▒▒.▒........▒ ▒gg.g▒
▒...▒.▒▒▒...▒▒ ▒.▒▒▒▒
▒.▒▒▒.▒.▒...▒▒▒▒▒g▒
▒.▒▒▒........or@u)▒
▒▒.▒▒.▒▒▒▒.▒▒▒▒▒▒▒▒▒▒▒▒▒▒▒▒
..........................▒
▒..........▒.▒▒▒▒)▒▒▒▒▒▒▒.▒
..▒▒▒▒▒.▒..▒.▒▒ ▒.....▒ ▒.▒
▒▒▒▒....▒.....▒ ▒.....▒ ▒.▒
▒ ▒.▒▒▒▒..▒▒.▒ ▒▒....▒ ▒.▒
▒ ▒.▒ ▒.▒▒▒▒▒▒▒ ▒....▒ ▒.▒
▒.▒ ▒.▒ ▒▒>▒▒ ▒▒▒▒▒▒ ▒.▒


You could see an orc warrior, a gnoll, a friendly white ugly thing and a
friendly quokka.

Vanquished Creatures
  An ice beast (D:6)
  2 giant frogs
  A giant frog skeleton (D:6)
  An iguana (D:4)
  A gnoll (D:5)
  A giant mite (D:8)
  5 orcs
  8 bats
  A bat skeleton (D:6)
  4 giant cockroaches
  4 goblins
  4 hobgoblins
  5 kobolds
  2 giant geckos (D:5)
  3 giant newts
  3 jackals (D:3)
  A jackal zombie (D:5)
  6 rats
53 creatures vanquished.

Vanquished Creatures (collateral kills)
  A giant frog zombie (D:6)
  A crimson imp (D:5)
  An orc wizard (D:6)
  Natasha (D:5)
  A worker ant (D:4)
  Ijyb (D:5)
  4 gnolls
  2 adders
  2 worms
  An adder skeleton (D:5)
  4 orcs
  3 bats
  4 hobgoblins
  3 quokkas (D:5)
  A giant gecko (D:1)
  A goblin (D:4)
  4 jackals
  6 kobolds
  A rat (D:5)
42 creatures vanquished.

Vanquished Creatures (others)
  A basilisk (D:6)
  2 crimson imps (D:6)
  3 hounds
  A shadow imp (D:6)
  16 bats
  19 quokkas
  18 rats
60 creatures vanquished.

Grand Total: 155 creatures vanquished

Notes
Turn   | Place    | Note
--------------------------------------------------------------
     0 | D:1      | Roderic, the Hill Orc Summoner, began the quest for the Orb.
     0 | D:1      | Reached XP level 1. HP: 14/14 MP: 2/2
   341 | D:1      | Reached XP level 2. HP: 17/20 MP: 3/3
   934 | D:2      | Found a sparkling altar of Nemelex Xobeh.
   968 | D:2      | Reached XP level 3. HP: 10/26 MP: 0/5
   988 | D:2      | Became a worshipper of Nemelex Xobeh the Trickster
  1123 | D:2      | Received a gift from Nemelex Xobeh
  1438 | D:5      | Entered Level 5 of the Dungeon
  1447 | D:5      | Learned a level 2 spell: Call Imp
  1534 | D:5      | Noticed Natasha
  1551 | D:5      | You fall through a shaft!
  1588 | D:7      | Noticed a giant frog
  1603 | D:7      | Killed a giant frog
  1603 | D:7      | Reached XP level 4. HP: 5/34 MP: 3/6
  1884 | D:8      | Noticed Pikel
  1884 | D:8      | Noticed a slave
  1885 | D:8      | Noticed a slave
  1886 | D:8      | Noticed a slave
  1931 | D:7      | Noticed a sky beast
  2002 | D:6      | Noticed a giant frog
  2010 | D:6      | Learned a level 3 spell: Call Canine Familiar
  2026 | D:6      | Found a staircase to the Ecumenical Temple.
  2043 | Temple   | Entered the Ecumenical Temple
  2089 | D:6      | Reached skill level 1 in Fighting
  2089 | D:6      | Reached skill level 5 in Summonings
  2300 | D:6      | Reached XP level 5. HP: 36/40 MP: 7/9
  2301 | D:6      | Received a gift from Nemelex Xobeh
  2430 | D:5      | Killed Natasha
  2704 | D:4      | Noticed a scorpion
  2751 | D:6      | Noticed an ice beast
  2817 | D:6      | Killed an ice beast
  2817 | D:6      | Reached XP level 6. HP: 30/47 MP: 4/11
  2954 | D:6      | Killed a giant frog
  3334 | D:5      | Received a gift from Nemelex Xobeh
  3350 | D:5      | Noticed Ijyb
  3356 | D:5      | Killed Ijyb
  3828 | D:6      | Slain by an orc warrior

Action                   |  1- 3 |  4- 6 || total
-------------------------+-------+-------++-------
Melee: Unarmed           |    24 |       ||    24
       Club              |   121 |   117 ||   238
Throw: Stone             |       |     6 ||     6
 Cast: Summon Small Mamm |    46 |    50 ||    96
       Call Imp          |       |    15 ||    15
       Call Canine Famil |       |     3 ||     3
Evoke: Deck              |     3 |     6 ||     9
       Wand              |       |     7 ||     7
  Use: Scroll            |     3 |       ||     3
       Potion            |     2 |     1 ||     3
 Stab: Sleeping          |     1 |     1 ||     2
       Distracted        |       |     3 ||     3
  Eat: Meat ration       |     1 |     1 ||     2
       Fruit             |       |     1 ||     1
       Pizza             |       |     1 ||     1
       Chunk             |       |     1 ||     1
